 Dungeon Crawl Stone Soup version 0.22-a0-447-gee5f723 (webtiles) character file.

1443 incide the Charmwright (level 8, -2/62 (64) HPs)
             Began as a Gnoll Skald on June 3, 2018.
             Was a Follower of Sif Muna.
             Killed by divine providence
             ... invoked by an orc priest
              (12 damage)
             ... on level 7 of the Dungeon.
             The game lasted 00:17:32 (5458 turns).

incide the Charmwright (Gnoll Skald)                Turns: 5458, Time: 00:17:32

HP:   -2/62 (64)    AC:  6    Str: 13      XL:     8   Next: 74%
MP:   2/17          EV: 14    Int: 19      God:    Sif Muna [*.....]
Gold: 364           SH:  6    Dex: 13 (14) Spells: 5/19 levels left

rFire    . . .     SeeInvis .   a - +0 hand axe
rCold    . . .     Gourm    .   (no shield)
rNeg     . . .     Faith    .   b - +0 leather armour
rPois    .         Spirit   .   (no helmet)
rElec    .         Reflect  +   r - scarf {cloud immunity}
rCorr    +         Harm     .   c - +2 pair of gloves
MR       .....                  (no boots)
Stlth    ++........             q - +6 amulet of reflection
HPRegen  1.20/turn              j - ring of resist corrosion
MPRegen  0.15/turn              (no ring)

@: regenerating (expiring)
A: distributed training, fangs 1, strong nose
a: Divine Energy, Renounce Religion


You were on level 7 of the Dungeon.
You worshipped Sif Muna.
Sif Muna was aware of your devotion.
You were hungry.

You visited 2 branches of the dungeon, and saw 8 of its levels.

You collected 364 gold pieces.

Inventory:

Hand Weapons
 a - a +0 hand axe (weapon)
 D - a cursed +5 dire flail
 F - a +4 spear
 H - a +2 whip of flaming
Missiles
 o - 3 needles of sleeping
 E - 3 javelins (quivered)
 J - 4 needles of frenzy
Armour
 b - a +0 leather armour (worn)
 c - a +2 pair of gloves (worn)
 m - a +0 buckler
 r - a scarf of cloud immunity (worn)
 w - a +0 cloak
Jewellery
 j - a ring of resist corrosion (left hand)
 q - a +6 amulet of reflection (around neck)
 y - an uncursed amulet of magic regeneration
Wands
 p - a wand of flame (19)
 x - a wand of iceblast (10)
 B - a wand of random effects (25)
 I - a wand of enslavement (15)
Scrolls
 e - 8 scrolls of identify {unknown}
 f - 2 scrolls of immolation {unknown}
 h - a scroll of random uselessness {unknown}
 i - 3 scrolls of teleportation {unknown}
 k - a scroll of fog {unknown}
 l - 2 scrolls of remove curse {unknown}
 n - a scroll of blinking {unknown}
 v - a scroll of enchant armour {unknown}
 G - a scroll of vulnerability {unknown}
 K - a scroll of fear {unknown}
Potions
 g - 2 potions of curing
 s - a potion of lignification {unknown}
 t - 2 potions of haste {unknown}
 u - a potion of heal wounds {unknown}
 z - a potion of agility {unknown}
 A - a potion of berserk rage
Comestibles
 d - 13 rations
 C - 2 chunks of flesh {@w1}


   Skills:
 + Level 5.8 Fighting
 + Level 3.4 Short Blades
 + Level 3.4 Long Blades
 + Level 5.8 Axes
 + Level 3.4 Maces & Flails
 + Level 3.4 Polearms
 + Level 3.4 Staves
 + Level 3.4 Slings
 + Level 3.4 Bows
 + Level 3.4 Crossbows
 + Level 3.4 Throwing
 + Level 4.4 Armour
 + Level 5.8 Dodging
 + Level 3.4 Stealth
 + Level 3.4 Shields
 + Level 3.4 Unarmed Combat
 + Level 6.1 Spellcasting
 + Level 2.8 Conjurations
 + Level 2.8 Hexes
 + Level 6.2 Charms
 + Level 2.8 Summonings
 + Level 2.8 Necromancy
 + Level 2.8 Translocations
 + Level 2.8 Transmutations
 + Level 2.8 Fire Magic
 + Level 2.8 Ice Magic
 + Level 2.8 Air Magic
 + Level 2.8 Earth Magic
 + Level 2.8 Poison Magic
 + Level 3.8 Invocations
 + Level 3.4 Evocations


You had 5 spell levels left.
You knew the following spells:

 Your Spells              Type           Power        Failure   Level  Hunger
a - Infusion              Chrm           ####         1%          1    None
b - Song of Slaying       Chrm           ####....     1%          2    None
c - Shroud of Golubria    Chrm/Tloc      ###.......   3%          2    None
d - Regeneration          Chrm/Necr      ###.......   6%          3    ##.....
e - Spectral Weapon       Hex/Chrm       ###.....     6%          3    ##.....
f - Confuse               Hex            ###.....     13%         3    ##.....

Your spell library contained the following spells:

 Spells                   Type           Power        Failure   Level  Hunger
 Lightning Bolt           Conj/Air       ###.......   75%         5    #####..
 Tukima's Dance           Hex            ###.....     13%         3    ##.....
 Shock                    Conj/Air       ###.         4%          1    None
 Swiftness                Chrm/Air       ###.....     3%          2    None
 Airstrike                Air            ###.......   38%         4    ####...
 Ensorcelled Hibernation  Hex/Ice        ###...       6%          2    None
 Static Discharge         Conj/Air       ###.....     13%         3    ##.....
 Corona                   Hex            ###....      4%          1    None
 Dazzling Spray           Conj/Hex       ###...       13%         3    ##.....


Dungeon Overview and Level Annotations

Branches:
Dungeon (7/15)             Temple (1/1) D:4

Altars:
Ashenzari
Cheibriados
Dithmenos
Elyvilon
Fedhas
Gozag
Hepliaklqana
Kikubaaqudgha
Makhleb
Nemelex Xobeh
Okawaru
Qazlal
Ru
Sif Muna
Uskayaw
Vehumet
Wu Jian
Xom
Yredelemnul
Zin
The Shining One

Shops:
D:4 [


Innate Abilities, Weirdness & Mutations

Your experience applies equally to all skills.
You have very sharp teeth.
Your uncanny sense of smell can sniff out nearby items.


Message History

You are too injured to fight recklessly!
You are too injured to fight recklessly!
You are too injured to fight recklessly!
An orc comes into view. It is wielding a flail.
You completely miss the orc.
Your spectral weapon hits the orc!
You kill the orc!
Sif Muna accepts your kill.
You barely miss the orc.
Your spectral weapon hits the orc!
You kill the orc!
Sif Muna accepts your kill.
An orc priest comes into view. It is wielding a club.
The orc priest invokes the aid of Beogh against you.
Beogh smites you!
* * * LOW HITPOINT WARNING * * *
Things that are here:
a club x2; an orc corpse Your skin is crawling a little less now.
The orc priest invokes the aid of Beogh against you.
Beogh smites you!
You die...

#..##...# #..###..# #..# ##.#
#..# #.## #.## #..# #.# #..#
##†# #..# #..# ##.# #(@# #.##
##### #.)# ####..####....
#..###.............
#.o#...............
##..................
##...................
##....................
##......o..............
#######......................


You could see an orc priest, an orc and a friendly spectral hand axe.

Vanquished Creatures
  A hippogriff (D:7)
  Menkaure (D:5)
  2 sky beasts
  A necrophage (D:5)
  The ghost of junkhipster the Skirmisher, an amateur DsFi of Cheibriados (D:3)
  A scorpion (D:6)
  5 wights
  A howler monkey (D:4)
  A quasit (D:7)
  A hound (D:4)
  An orc wizard (D:6)
  3 bullfrog skeletons
  3 iguanas
  2 worker ants
  A worker ant zombie (D:5)
  7 gnolls
  5 adders
  A shadow imp (D:7)
  An ooze (D:6)
  A worm (D:2)
  A dart slug (D:2)
  3 leopard geckos
  10 orcs
  2 ball pythons
  5 bats
  4 giant cockroaches
  5 goblins
  6 hobgoblins
  14 jackals
  A quokka (D:4)
  3 frilled lizards
  2 kobolds
  A leopard gecko skeleton (D:6)
  A quokka skeleton (D:4)
  10 rats
108 creatures vanquished.

Vanquished Creatures (others)
  2 spectral weapons
2 creatures vanquished.

Grand Total: 110 creatures vanquished

Notes
Turn   | Place    | Note
-------+----------+-------------------------------------------
     0 | D:1      | incide the Gnoll Skald began the quest for the Orb.
     0 | D:1      | Reached XP level 1. HP: 20/20 MP: 6/6
   192 | D:1      | Reached XP level 2. HP: 24/26 MP: 7/7
   206 | D:1      | Learned a level 2 spell: Song of Slaying
   209 | D:1      | Learned a level 2 spell: Shroud of Golubria
   598 | D:1      | Found a white marble altar of Elyvilon.
   600 | D:1      | Found a snail-covered altar of Cheibriados.
   600 | D:1      | Found a blossoming altar of Fedhas.
   604 | D:1      | Found a hide-covered altar of Uskayaw.
   604 | D:1      | Found a shimmering altar of Xom.
   604 | D:1      | Found a blossoming altar of Fedhas.
   724 | D:2      | Reached XP level 3. HP: 31/31 MP: 9/9
   758 | D:2      | Reached skill level 5 in Spellcasting
   778 | D:2      | Learned a level 3 spell: Regeneration
   782 | D:2      | Learned a level 3 spell: Spectral Weapon
   801 | D:2      | Reached skill level 1 in Invocations
  1002 | D:2      | Reached skill level 1 in Short Blades
  1002 | D:2      | Reached skill level 1 in Long Blades
  1002 | D:2      | Reached skill level 1 in Maces & Flails
  1002 | D:2      | Reached skill level 1 in Polearms
  1002 | D:2      | Reached skill level 1 in Staves
  1002 | D:2      | Reached skill level 1 in Slings
  1002 | D:2      | Reached skill level 1 in Bows
  1002 | D:2      | Reached skill level 1 in Crossbows
  1002 | D:2      | Reached skill level 1 in Throwing
  1002 | D:2      | Reached skill level 1 in Stealth
  1002 | D:2      | Reached skill level 1 in Shields
  1002 | D:2      | Reached skill level 1 in Unarmed Combat
  1002 | D:2      | Reached skill level 1 in Evocations
  1235 | D:2      | Reached XP level 4. HP: 38/38 MP: 11/11
  1285 | D:2      | You fall through a shaft!
  1373 | D:3      | Noticed junkhipster's ghost (amateur DsFi)
  1400 | D:3      | HP: 7/38 [junkhipster's ghost (10)]
  1403 | D:3      | HP: 1/38 [junkhipster's ghost (4)]
  1418 | D:3      | HP: 6/57 [junkhipster's ghost (13)]
  1419 | D:3      | Killed junkhipster's ghost
  1419 | D:3      | Reached skill level 1 in Conjurations
  1419 | D:3      | Reached skill level 1 in Hexes
  1419 | D:3      | Reached skill level 1 in Summonings
  1419 | D:3      | Reached skill level 1 in Necromancy
  1419 | D:3      | Reached skill level 1 in Translocations
  1419 | D:3      | Reached skill level 1 in Transmutations
  1419 | D:3      | Reached skill level 1 in Fire Magic
  1419 | D:3      | Reached skill level 1 in Ice Magic
  1419 | D:3      | Reached skill level 1 in Air Magic
  1419 | D:3      | Reached skill level 1 in Earth Magic
  1419 | D:3      | Reached skill level 1 in Poison Magic
  1419 | D:3      | Reached XP level 5. HP: 7/43 MP: 2/12
  2246 | D:4      | Found a shadowy altar of Dithmenos.
  2253 | D:4      | Reached skill level 3 in Armour
  2267 | D:4      | Reached XP level 6. HP: 39/50 MP: 13/13
  2287 | D:4      | Found Munucwye's Antique Armour Shop.
  2297 | D:4      | Reached skill level 2 in Invocations
  2367 | D:4      | Found a staircase to the Ecumenical Temple.
  2397 | Temple   | Entered the Ecumenical Temple
  2557 | Temple   | Learned a level 3 spell: Confuse
  2670 | Temple   | Became a worshipper of Sif Muna the Loreminder
  3043 | D:4      | Reached skill level 5 in Fighting
  3043 | D:4      | Reached skill level 2 in Short Blades
  3043 | D:4      | Reached skill level 2 in Long Blades
  3043 | D:4      | Reached skill level 5 in Axes
  3043 | D:4      | Reached skill level 2 in Maces & Flails
  3043 | D:4      | Reached skill level 2 in Polearms
  3043 | D:4      | Reached skill level 2 in Staves
  3043 | D:4      | Reached skill level 2 in Slings
  3043 | D:4      | Reached skill level 2 in Bows
  3043 | D:4      | Reached skill level 2 in Crossbows
  3043 | D:4      | Reached skill level 2 in Throwing
  3043 | D:4      | Reached skill level 5 in Dodging
  3043 | D:4      | Reached skill level 2 in Stealth
  3043 | D:4      | Reached skill level 2 in Shields
  3043 | D:4      | Reached skill level 2 in Unarmed Combat
  3043 | D:4      | Reached skill level 2 in Evocations
  3050 | D:4      | HP: 10/51 [poisoned by a worker ant]
  3055 | D:4      | HP: 8/51 [poisoned by a worker ant]
  3060 | D:4      | HP: 7/51 [poisoned by a worker ant]
  3067 | D:4      | HP: 9/51 [poisoned by a worker ant]
  3302 | D:5      | Entered Level 5 of the Dungeon
  3542 | D:5      | Noticed a necrophage
  3569 | D:5      | Killed a necrophage
  3591 | D:5      | Reached XP level 7. HP: 31/54 MP: 9/15
  3752 | D:5      | Noticed Menkaure
  3764 | D:5      | Killed Menkaure
  4133 | D:5      | Reached skill level 2 in Conjurations
  4133 | D:5      | Reached skill level 2 in Hexes
  4133 | D:5      | Reached skill level 2 in Summonings
  4133 | D:5      | Reached skill level 2 in Necromancy
  4133 | D:5      | Reached skill level 2 in Translocations
  4133 | D:5      | Reached skill level 2 in Transmutations
  4133 | D:5      | Reached skill level 2 in Fire Magic
  4133 | D:5      | Reached skill level 2 in Ice Magic
  4133 | D:5      | Reached skill level 2 in Air Magic
  4133 | D:5      | Reached skill level 2 in Earth Magic
  4133 | D:5      | Reached skill level 2 in Poison Magic
  4269 | D:6      | Reached skill level 3 in Invocations
  4382 | D:6      | Reached XP level 8. HP: 47/61 MP: 5/16
  4384 | D:6      | Reached skill level 6 in Charms
  4391 | D:6      | Reached skill level 4 in Armour
  4486 | D:5      | Reached * piety under Sif Muna
  4486 | D:5      | Reached skill level 3 in Short Blades
  4486 | D:5      | Reached skill level 3 in Long Blades
  4486 | D:5      | Reached skill level 3 in Maces & Flails
  4486 | D:5      | Reached skill level 3 in Polearms
  4486 | D:5      | Reached skill level 3 in Staves
  4486 | D:5      | Reached skill level 3 in Slings
  4486 | D:5      | Reached skill level 3 in Bows
  4486 | D:5      | Reached skill level 3 in Crossbows
  4486 | D:5      | Reached skill level 3 in Throwing
  4486 | D:5      | Reached skill level 3 in Stealth
  4486 | D:5      | Reached skill level 3 in Shields
  4486 | D:5      | Reached skill level 3 in Unarmed Combat
  4486 | D:5      | Reached skill level 3 in Evocations
  4899 | D:6      | Reached skill level 6 in Spellcasting
  5003 | D:6      | Found a stormy altar of Qazlal.
  5389 | D:7      | Noticed a hippogriff
  5416 | D:7      | HP: 11/62 [hippogriff (4)]
  5417 | D:7      | HP: 3/62 [hippogriff (9)]
  5424 | D:7      | HP: 6/62 [hippogriff (5)]
  5452 | D:7      | HP: 11/62 [hippogriff (3)]
  5453 | D:7      | Killed a hippogriff
  5457 | D:7      | HP: 9/62 [orc priest/divine providence (8)]
  5458 | D:7      | Killed from afar by an orc priest

Vault maps used:
D:1:      minmay_arrival_five_plusses, doesnt_xom_only_xom
D:2:      gammafunk_temple_overflow_wave, uniq_sigmund
D:3:      kennysheep_generic_room_12
D:4:      minmay_temple_entry_grid, serial_shops, nicolae_shop_waterfront,
          grunt_dithmenos_smoke
D:5:      first_ration, roderic_lattice_a, minmay_misc_feat_chi, uniq_menkaure
D:6:      grunt_qazlal_sundering
Temple:   regret_index_temple_chain_breaker

Skill      XL: |  1  2  3  4  5  6  7  8 |
---------------+-------------------------+-----
Spellcasting   | 5 6 |  6.1
Invocations    | 1 2 3 |  3.8
Short Blades   | 1 2 3 |  3.4
Long Blades    | 1 2 3 |  3.4
Maces & Flails | 1 2 3 |  3.4
Polearms       | 1 2 3 |  3.4
Staves         | 1 2 3 |  3.4
Slings         | 1 2 3 |  3.4
Bows           | 1 2 3 |  3.4
Crossbows      | 1 2 3 |  3.4
Throwing       | 1 2 3 |  3.4
Stealth        | 1 2 3 |  3.4
Shields        | 1 2 3 |  3.4
Unarmed Combat | 1 2 3 |  3.4
Evocations     | 1 2 3 |  3.4
Conjurations   | 1 2 |  2.8
Hexes          | 1 2 |  2.8
Summonings     | 1 2 |  2.8
Necromancy     | 1 2 |  2.8
Translocations | 1 2 |  2.8
Transmutations | 1 2 |  2.8
Fire Magic     | 1 2 |  2.8
Ice Magic      | 1 2 |  2.8
Air Magic      | 1 2 |  2.8
Earth Magic    | 1 2 |  2.8
Poison Magic   | 1 2 |  2.8
Armour         | 3 4 |  4.4
Fighting       | 5 |  5.8
Axes           | 5 |  5.8
Dodging        | 5 |  5.8
Charms         | 6 |  6.2

Action                   |  1- 3 |  4- 6 |  7- 9 || total
-------------------------+-------+-------+-------++-------
Melee: Hand axe          |   132 |   181 |   265 ||   578
       Bite              |     7 |    28 |    22 ||    57
       Punch             |       |     3 |     3 ||     6
 Cast: Regeneration      |       |     9 |    15 ||    24
       Spectral Weapon   |       |     2 |     6 ||     8
       Shroud of Golubri |       |     4 |     7 ||    11
       Infusion          |       |     1 |     5 ||     6
       Song of Slaying   |       |     1 |     2 ||     3
Evoke: Wand              |       |       |     2 ||     2
  Use: Potion            |       |     2 |       ||     2
 Stab: Sleeping          |     2 |     1 |     3 ||     6
  Eat: Chunk             |       |     9 |     5 ||    14
       Ration            |       |       |     1 ||     1
Armor: Leather armour    |    38 |    37 |    61 ||   136
Dodge: Dodged            |   103 |   135 |   202 ||   440
Block: Other             |       |    23 |    86 ||   109

Table legend:
 A = Spawn XP
 B = Non-spawn XP
 C = Spawn XP percentage of total XP
 D = Spawn monster count
 E = Non-spawn monster count
 F = Spawn count percentage of total count
 G = Total turns spent on level
                    A         B        C        D         E        F      G
               +---------+---------+-------+---------+---------+-------+---------
         Total |       0 |    2062 |   0.0 |       0 |     108 |   0.0 |  5458
               +---------+---------+-------+---------+---------+-------+---------
           D:1 |       0 |      32 |   0.0 |       0 |      21 |   0.0 |   710
           D:2 |       0 |      53 |   0.0 |       0 |      16 |   0.0 |   575
           D:3 |       0 |     142 |   0.0 |       0 |      10 |   0.0 |   934
           D:4 |       0 |     246 |   0.0 |       0 |      19 |   0.0 |   871
           D:5 |       0 |     535 |   0.0 |       0 |      10 |   0.0 |   911
           D:6 |       0 |     667 |   0.0 |       0 |      22 |   0.0 |   981
           D:7 |       0 |     387 |   0.0 |       0 |      10 |   0.0 |   264
               +---------+---------+-------+---------+---------+-------+---------
